[Event "Titled Tuesday Blitz December 27 Early 2022"]
[White "Vlassov, Nikolai"]
[Black "Bettalli, Francesco"]
[WhiteFideId "4103360"]
[BlackFideId "2816453"]
[WhiteElo "2283"]
[BlackElo "2252"]
[Result "0-1"]
[Round "11"]
[TimeControl "180+2"]
[Date "2022.12.27"]
[WhiteClock "0:00:10"]
[BlackClock "0:00:50"]

1. e4 g6 2. Nc3 c5 3. h4 h5 4. Nf3 Nc6 5. Bc4 Bg7 6. d3 d6 7. Ng5 Nh6 8. f3 e6 9. Be3 a6 10. Qd2 Nd4 11. a4 Bd7 12. Nd1 b5 13. Bxd4 Bxd4 14. Bb3 b4 15. c3 bxc3 16. bxc3 Bf6 17. d4 Rb8 18. Bc4 Qa5 19. Ra2 cxd4 20. cxd4 Qxd2+ 21. Rxd2 Rb4 22. Bxa6 Rxa4 23. Be2 Rxd4 24. Rxd4 Bxd4 25. Kd2 f6 26. Nh3 O-O 27. Nf4 Kg7 28. Ne3 Rb8 29. Rc1 Rb2+ 30. Kd3 Bb6 31. Nc4 Bb5 32. Kc3 Bxc4 33. Kxb2 Bd4+ 34. Ka3 Bc5+ 35. Ka4 Bxe2 36. Nxe2 g5 37. hxg5 fxg5 38. Kb5 Nf7 39. Kc6 Ne5+ 40. Kc7 Kf6 41. Rc3 Ng6 42. Kd7 h4 43. Rd3 Ne5+ 44. Kc7 Nxd3 0-1


[Site "https://www.chess.com"]

[Event "Titled Tuesday Blitz December 27 Early 2022"]
[White "Volkov, Maksim"]
[Black "Srebrnic, Marko"]
[WhiteFideId "54123070"]
[BlackFideId "14603616"]
[WhiteElo "2258"]
[BlackElo "2366"]
[Result "1-0"]
[Round "11"]
[TimeControl "180+2"]
[Date "2022.12.27"]
[WhiteClock "0:00:15"]
[BlackClock "0:00:10"]

1. d4 Nf6 2. c4 g6 3. g3 d6 4. Nf3 Bf5 5. Nc3 Ne4 6. Nd5 c6 7. Ne3 Qa5+ 8. Nd2 Bg7 9. Bg2 Bxd4 10. Nxf5 gxf5 11. Bxe4 fxe4 12. O-O e3 13. Nb3 exf2+ 14. Kg2 Qh5 15. Qxd4 Rg8 16. Rxf2 Nd7 17. Bd2 Rg4 18. Qe3 Ne5 19. c5 O-O-O 20. cxd6 exd6 21. Qxa7 Rdg8 22. Qa8+ Kd7 23. Qxb7+ Ke6 24. Raf1 f5 25. Bf4 Rxf4 26. Rxf4 Qxe2+ 27. R1f2 Qe3 28. Nd4+ Kd5 29. Qb3+ Qxb3 30. Nxb3 c5 31. Rxf5 c4 32. Rd2+ Ke4 33. Rf4+ Ke3 34. Rxd6 cxb3 35. Re6 Rg5 36. axb3 Kd3 37. h4 1-0


[Site "https://www.chess.com"]

[Event "Titled Tuesday Blitz December 27 Early 2022"]
[White "White, John S."]
[Black "Pantev, Veselin"]
[WhiteFideId "2502348"]
[BlackFideId "2901390"]
[WhiteElo "2235"]
[BlackElo "2374"]
[Result "0-1"]
[Round "11"]
[TimeControl "180+2"]
[Date "2022.12.27"]
[WhiteClock "0:00:00"]
[BlackClock "0:02:40"]

1. e4 c6 2. d3 d5 3. Nd2 Nf6 4. Ngf3 Bg4 5. g3 dxe4 6. dxe4 Nbd7 7. Bg2 e6 8. O-O Be7 9. Re1 Qc7 10. h3 Bh5 11. g4 Bg6 12. e5 Nd5 13. c4 Nb4 14. Ne4 Nxe5 15. Nxe5 Qxe5 16. a3 Rd8 17. Qb3 Nd3 18. Re3 Nxc1 19. Rxc1 Qc7 20. c5 O-O 21. Qc3 Bxe4 22. Bxe4 Bg5 23. Rd3 Bxc1 24. Qxc1 Rxd3 25. Bxd3 Rd8 26. Qe3 Qd7 27. Bc2 Qd4 28. Qg5 g6 0-1


[Site "https://www.chess.com"]

[Event "Titled Tuesday Blitz December 27 Early 2022"]
[White "Yaran, Siar"]
[Black "Tymrakiewicz, Rafal"]
[WhiteFideId "6323006"]
[BlackFideId "1108832"]
[WhiteElo "2288"]
[BlackElo "2144"]
[Result "1-0"]
[Round "11"]
[TimeControl "180+2"]
[Date "2022.12.27"]
[WhiteClock "0:00:37"]
[BlackClock "0:00:02"]

1. d4 Nf6 2. c4 d6 3. Nc3 e5 4. dxe5 dxe5 5. Qxd8+ Kxd8 6. Nf3 Nbd7 7. Rg1 c6 8. g4 Bb4 9. Bd2 a5 10. g5 Nh5 11. e3 Re8 12. Be2 g6 13. O-O-O Kc7 14. Ne4 Be7 15. Bc3 Bb4 16. Kc2 Ng7 17. Rd2 Nc5 18. Nxc5 Bxc5 19. Bxe5+ Rxe5 20. Nxe5 Be6 21. Bg4 Nf5 22. h3 Rf8 23. Rgd1 Bb4 24. Rd7+ Bxd7 25. Rxd7+ Kb6 26. Bxf5 gxf5 27. a3 Bc5 28. Rxf7 Rxf7 29. Nxf7 Kc7 30. Kc3 Kd7 31. b4 axb4+ 32. axb4 Bb6 33. Ne5+ Ke6 34. Nd3 Bc7 35. Nc5+ Ke5 36. f4+ Kd6 37. Nxb7+ Ke7 38. c5 Ke6 39. Kc4 1-0


[Site "https://www.chess.com"]

[Event "Titled Tuesday Blitz December 27 Early 2022"]
[White "Zaichenko, Daria"]
[Black "Kovacevic, Radmila"]
[WhiteFideId "4197453"]
[BlackFideId "933171"]
[WhiteElo "2104"]
[BlackElo "2106"]
[Result "1-0"]
[Round "11"]
[TimeControl "180+2"]
[Date "2022.12.27"]
[WhiteClock "0:00:48"]
[BlackClock "0:01:27"]

1. e4 e5 2. Nf3 f5 3. Nxe5 Qf6 4. d4 d6 5. Nc4 fxe4 6. Nc3 Qg6 7. Qe2 Nf6 8. h4 Nc6 9. Nb5 Bg4 10. f3 Bh5 11. Nxc7+ Kd7 12. Nxa8 Nxd4 13. Qf2 e3 14. Bxe3 Nxc2+ 15. Kd2 Nxa1 16. Bd3 Nb3+ 17. axb3 Qf7 18. Bf5+ Kc6 19. Na5+ Kb5 20. Qe2+ Kxa5 21. Ra1+ Kb4 22. Ra4+ Kxb3 23. Qb5# 1-0


[Site "https://www.chess.com"]

[Event "Titled Tuesday Blitz December 27 Early 2022"]
[White "Zherebtsova, Alexandra"]
[Black "Williams, Simon K"]
[WhiteFideId "24129518"]
[BlackFideId "404454"]
[WhiteElo "2155"]
[BlackElo "2465"]
[Result "0-1"]
[Round "11"]
[TimeControl "180+2"]
[Date "2022.12.27"]
[WhiteClock "0:00:03"]
[BlackClock "0:00:43"]

1. d4 e6 2. Nf3 f5 3. c4 Nf6 4. Nc3 Be7 5. g3 O-O 6. Bg2 d6 7. O-O Ne4 8. Qc2 Nxc3 9. Qxc3 a5 10. b3 Nc6 11. a3 Bf6 12. Bb2 e5 13. dxe5 dxe5 14. Rfd1 Qe7 15. Qc2 g5 16. e3 g4 17. Ne1 e4 18. Bxf6 Qxf6 19. h4 Ne5 20. Rac1 Be6 21. Qc3 Kf7 22. c5 Nc6 23. Qc2 Rfd8 24. Bf1 Rxd1 25. Rxd1 Rd8 26. Rxd8 Qxd8 27. Bb5 Ne5 28. Qc3 Qd5 29. b4 c6 30. Be2 a4 31. Nc2 Nf3+ 32. Bxf3 exf3 33. Nd4 Qe4 34. Qc1 Bb3 35. Qb2 Qd3 36. Qc1 Bc4 37. Kh2 Kg6 38. Kg1 h5 39. Kh2 Qf1 40. Qxf1 Bxf1 41. Kg1 Bc4 42. Nc2 Kf6 43. Nd4 Ke5 44. Kh2 Ke4 45. Kg1 Ke5 46. Kh2 Bd3 47. Kg1 Kd5 48. Kh2 Kc4 49. Ne6 Kb3 50. Nd8 Kxa3 51. Nxb7 Kxb4 52. Nd8 Kxc5 53. Ne6+ Kd6 0-1


[Site "https://www.chess.com"]

[Event "Titled Tuesday Blitz December 27 Early 2022"]
[White "Zierk, Steven"]
[Black "Firouzja, Alireza"]
[WhiteFideId "2034255"]
[BlackFideId "12573981"]
[WhiteElo "2488"]
[BlackElo "2785"]
[Result "0-1"]
[Round "11"]
[TimeControl "180+2"]
[Date "2022.12.27"]
[WhiteClock "0:00:03"]
[BlackClock "0:00:07"]

1. e4 c6 2. d4 d5 3. exd5 cxd5 4. Bd3 Nf6 5. c3 Bg4 6. Qb3 Qc7 7. h3 Bd7 8. Ne2 Nc6 9. Bf4 e5 10. dxe5 Nxe5 11. Bxe5 Qxe5 12. Nd2 Bc5 13. Nf3 Qd6 14. O-O O-O 15. Rad1 Rfe8 16. Ned4 a6 17. Bf5 Bc6 18. Rfe1 g6 19. Bd3 Kg7 20. Qc2 Bd7 21. Qd2 Ne4 22. Bxe4 dxe4 23. Ng5 Bxd4 24. Nxe4 Qd5 25. Qxd4+ Qxd4 26. Rxd4 Bc6 27. Re3 f5 28. Nd6 Rxe3 29. fxe3 Kf6 30. Kf2 Ke6 31. h4 b5 32. g3 Rf8 33. Ke2 h6 34. e4 f4 35. gxf4 Rxf4 36. e5 Rf8 37. Rg4 g5 38. hxg5 Kxe5 39. Rd4 hxg5 40. a3 g4 41. Rd3 g3 42. Rxg3 Kxd6 43. Rg5 Rf6 44. b3 Bd5 45. a4 Bxb3 46. axb5 axb5 47. Kd3 Bc4+ 48. Kd4 Kc6 49. Rc5+ Kb6 50. Re5 Rd6+ 51. Ke4 Rd3 0-1


[Site "https://www.chess.com"]